 Dungeon Crawl Stone Soup version 0.31-a0-803-g95b03c3367 (webtiles) character file.

Game seed: 2127887939141168021

17878 BURZUM666 the Fighter (level 12, -2/116 HPs)
             Began as a Minotaur Fighter on Sept 22, 2023.
             Was a High Priest of Okawaru.
             Succumbed to a wolf spider's poison
             ... on level 3 of the Lair of Beasts.
             The game lasted 00:36:13 (16283 turns).

BURZUM666 the Fighter (Minotaur Fighter)           Turns: 16283, Time: 00:36:14

Health: -2/116     AC: 18    Str: 26    XL:     12   Next: 22%
Magic:  14/14      EV: 11    Int:  5    God:    Okawaru [*****.]
Gold:   452        SH: 11    Dex: 10    Spells: 11/11 levels left

rFire   . . .        H - +2 whip (freeze)
rCold   + . .        c - +0 buckler
rNeg    . . .        j - +5 chain mail {rC+}
rPois   .            m - +0 hat
rElec   .            B - +0 cloak
rCorr   .            (no gloves)
SInv    .            (no boots)
Will    .....        I - amulet of reflection Stlth
                     (no ring)
HPRegen 0.39/turn    (no ring)
MPRegen 0.14/turn

%: reflection
@: lethally poisoned (-2 -> -22)
A: horns 2, retaliatory headbutt
a: Renounce Religion, Heroism, Finesse, Duel


You were on level 3 of the Lair of Beasts.
You worshipped Okawaru.
Okawaru was extremely pleased with you.
You visited 3 branches of the dungeon, and saw 15 of its levels.
You also visited: Sewer.

You collected 740 gold pieces.
You spent 288 gold pieces at shops.

Inventory:

Hand Weapons
 a - a +0 war axe
 h - the +6 hand axe "Zion" {freeze, rN+ Str-5 Dex+3}
   (You found it on level 10 of the Dungeon)

   Str-5:     It affects your strength (-5).
   Dex+3:     It affects your dexterity (+3).
   rN+:       It protects you from negative energy.
 H - a +2 whip of freezing (weapon)
Missiles
 r - 4 curare-tipped darts
Armour
 c - a +0 buckler (worn)
 j - a +5 chain mail of cold resistance (worn)
 m - a +0 hat (worn)
 B - a +0 cloak (worn)
 G - an orb of light
Jewellery
 o - an amulet of magic regeneration
 y - a ring of positive energy
 E - a ring of fire
 I - an amulet of reflection (around neck)
Wands
 D - a wand of paralysis (6)
Scrolls
 e - 7 scrolls of fog
 g - 8 scrolls of teleportation
 p - a scroll of immolation
 q - 4 scrolls of enchant weapon
 s - a scroll of poison
 u - a scroll of fear
 z - 2 scrolls of revelation
 F - a scroll of summoning {unknown}
Potions
 b - a potion of haste {unknown}
 d - 3 potions of might
 f - a potion of ambrosia {unknown}
 l - 3 potions of enlightenment
 n - 3 potions of curing
 t - a potion of lignification {unknown}
 v - a potion of mutation {unknown}
 w - 2 potions of magic
 x - 2 potions of cancellation {unknown}
 A - 2 potions of heal wounds {unknown}
 C - a potion of resistance
 K - 2 potions of brilliance


   Skills:
 * Level 13.9 Fighting
 + Level 10.0 Axes
 + Level 10.4 Armour
 + Level 8.6 Dodging
 + Level 10.2 Shields
 + Level 5.3 Invocations


You had 11 spell levels left.
You didn't know any spells.
Your spell library contained the following spells:

 Spells                   Type           Power      Damage    Failure   Level
 Kiss of Death            Conj/Necr      0%         2d5       93%         1
 Shock                    Conj/Air       0%         1d3       93%         1
 Confusing Touch          Hex            0%         N/A       100%        3
 Swiftness                Air            0%         N/A       100%        3
 Airstrike                Air            0%         2d(0-16)  100%        4
 Dispel Undead            Necr           0%         3d6       100%        4
 Lee's Rapid Deconstruct  Erth           0%         3d4*      100%        5
 Ozocubu's Refrigeration  Ice            0%         4d7       100%        7
 Polar Vortex             Ice            0%         N/A       100%        9
 Animate Armour           Summ/Erth      Unusable   N/A       N/A         4
 Summon Lightning Spire   Summ/Air       Unusable   N/A       N/A         4
 Simulacrum               Ice/Necr       Unusable   N/A       N/A         6

Dungeon Overview and Level Annotations

Branches:
Dungeon (11/15)            Temple (1/1) D:7            Lair (3/5) D:10
 Spider (0/4) Lair:2          Orc (0/2) D:11          Sewer (visited)
  Swamp: Lair:2-3    Shoals: Lair:2-3

Altars:
Ashenzari
Cheibriados
Dithmenos
Elyvilon
Fedhas
Gozag
Hepliaklqana
Kikubaaqudgha
Makhleb
Nemelex Xobeh
Okawaru
Qazlal
Ru
Sif Muna
Trog
Uskayaw
Vehumet
Wu Jian
Xom
Yredelemnul
Zin
The Shining One

Shops:
D:6 ?   D:10 [

Annotations:
D:3 1 runed translucent door, Crazy Yiuf
D:5 2 transporters
D:11 Snorg
Lair:1 2 runed translucent doors, night's ghost, journeyman DrSh
Lair:2 exclusion: ice statue


Innate Abilities, Weirdness & Mutations

You have a pair of horns on your head.
You reflexively headbutt those who attack you in melee.


Message History

You block the wolf spider's attack.
The wolf spider bites you but does no damage.
You barely miss the wolf spider.
The wolf spider is lightly wounded.
The wolf spider barely misses you.
The wolf spider bites you but does no damage.
You hit the wolf spider but do no damage.
You headbutt the wolf spider.
The wolf spider is lightly wounded.
The wolf spider hits you but does no damage.
The wolf spider bites you!
* * * LOW HITPOINT WARNING * * *
You are lethally poisoned!
The wolf spider poisons you!
You hit the wolf spider. You freeze the wolf spider.
Your headbutt misses the wolf spider.
The wolf spider is lightly wounded.
* * * LOW HITPOINT WARNING * * *
You feel extremely sick. You block the wolf spider's attack.
The wolf spider bites you but does no damage.
You closely miss the wolf spider. Your headbutt misses the wolf spider.
The wolf spider is lightly wounded.
* * * LOW HITPOINT WARNING * * *
You feel very sick. You block the wolf spider's attack. x3
The wolf spider bites you but does no damage.
You closely miss the wolf spider. Your headbutt misses the wolf spider.
The wolf spider is lightly wounded.
* * * LOW HITPOINT WARNING * * *
You feel very sick. The wolf spider hits you!
* * * LOW HITPOINT WARNING * * *
The wolf spider bites you but does no damage.
Throw: throwing net
Press: ? - help, Q - select action, (/) - cycle Shift-Dir - straight line, f - wolf spider
Aim: a wolf spider (lightly wounded, 60% to hit)
You throw a throwing net.
The throwing net barely misses the wolf spider.
You die...

##### ##### ......♣♣ ##<.<##
♣♣♣♣ .
♣♣♣.♣♣♣♣..♣#.....#♣♣♣... ...
..~.. ♣♣♣.∩.....∩......
♣..♣♣♣♣.♣♣♣♣..♣#.....#♣♣♣...
♣.(....÷s@♣♣♣##.>.## ♣♣♣♣
####♣÷♣#### ##### #.♣.♣.#
#♣.♣.♣# #.♣.♣.# #♣D♣.♣#
#.♣.♣.# #♣.♣D♣# ♣♣.♣♣


You could see a wolf spider.

Vanquished Creatures
  A hydra (Lair:3)
  A two-headed ogre (D:9)
  A deep elf pyromancer (D:11)
  A cyclops (D:10)
  A black mamba (Lair:1)
  5 cane toads
  A rime drake (Lair:1)
  6 komodo dragons
  A troll (D:9)
  5 polar bears (Lair:1)
  7 blink frogs
  19 yaks
  A basilisk (Lair:2)
  3 wyverns
  A redback (shapeshifter) (D:10)
  5 steam dragons
  An acid dragon (D:10)
  2 hell hounds
  3 water moccasins
  3 sky beasts
  10 black bears
  4 ice beasts
  3 orc warriors
  2 ogres (D:6)
  A wolf (Lair:1)
  5 centaurs
  A phantom (D:6)
  4 kobold brigands
  5 bullfrogs
  A gnoll sergeant (D:8)
  8 scorpions
  4 killer bees
  2 howler monkeys (D:11)
  2 electric eels (D:10)
  3 quasits (D:7)
  A gnoll bouda (D:7)
  2 hounds
  6 orc priests
  3 iguanas
  Natasha (thrice) (D:4)
  2 sleepcaps
  12 orc wizards
  13 gnolls
  8 adders
  A river rat (Sewer)
  A shadow imp (D:7)
  2 ufetubi
  4 worms
  A dart slug (D:1)
  40 orcs
  6 ball pythons
  5 endoplasms
  A giant cockroach (D:4)
  4 goblins
  7 hobgoblins
  12 jackals
  15 kobolds
  2 quokkas
  5 bats
  11 rats
290 creatures vanquished.

Notes
Turn   | Place    | Note
-------+----------+-------------------------------------------
     0 | D:1      | BURZUM666 the Minotaur Fighter began the quest for the Orb.
     0 | D:1      | Reached XP level 1. HP: 19/19 MP: 0/0
    72 | D:1      | Reached XP level 2. HP: 26/27 MP: 1/1
    81 | D:1      | Reached skill level 4 in Fighting
   297 | D:1      | Reached skill level 1 in Dodging
   348 | D:1      | Reached XP level 3. HP: 29/33 MP: 2/2
  1462 | D:3      | Found a faded altar of an unknown god.
  1587 | D:3      | Found a burning altar of Makhleb.
  1596 | D:3      | Reached XP level 4. HP: 31/41 MP: 3/3
  1764 | D:3      | Found a shadowy altar of Dithmenos.
  1773 | D:3      | You fall into a shaft and drop 1 floor!
  1835 | D:3      | Found a runed translucent door.
  1836 | D:3      | Noticed Crazy Yiuf
  2276 | D:4      | Noticed a scorpion
  2314 | D:4      | Noticed Natasha
  2323 | D:4      | Killed Natasha
  2324 | D:4      | Reached skill level 5 in Fighting
  2324 | D:4      | Reached XP level 5. HP: 37/48 MP: 4/4
  2385 | D:4      | Noticed Natasha
  2395 | D:4      | Killed Natasha
  2490 | D:4      | Reached XP level 6. HP: 36/56 MP: 5/5
  2612 | D:4      | Noticed Natasha
  2617 | D:4      | Killed Natasha
  2838 | D:4      | Found a glowing golden altar of the Shining One.
  2891 | D:4      | Found a hazy altar of Hepliaklqana.
  2915 | D:4      | Reached skill level 6 in Fighting
  3125 | D:5      | Entered Level 5 of the Dungeon
  3131 | D:5      | Reached skill level 5 in Armour
  3237 | D:5      | Reached skill level 5 in Shields
  3237 | D:5      | Reached XP level 7. HP: 50/64 MP: 3/6
  3385 | D:5      | Found a transporter.
  3417 | D:5      | Found a transporter.
  3554 | D:5      | Reached skill level 7 in Fighting
  3898 | D:5      | Reached skill level 5 in Axes
  4004 | D:5      | Reached XP level 8. HP: 61/73 MP: 5/7
  4246 | D:6      | Reached skill level 8 in Fighting
  4383 | D:6      | Found Uzucugio's Magic Scroll Shop.
  4392 | D:6      | Bought a scroll of teleportation for 36 gold pieces
  4392 | D:6      | Bought a scroll of identify for 24 gold pieces
  4401 | D:6      | Bought a scroll of identify for 24 gold pieces
  4401 | D:6      | Bought a scroll of identify for 24 gold pieces
  4453 | D:6      | Found a glowing drain.
  4471 | Sewer    | Entered a sewer
  5165 | D:6      | Reached skill level 9 in Fighting
  5313 | D:6      | Reached skill level 5 in Dodging
  5313 | D:6      | Reached XP level 9. HP: 82/83 MP: 8/8
  6127 | D:7      | Found a staircase to the Ecumenical Temple.
  6136 | Temple   | Entered the Ecumenical Temple
  6161 | Temple   | Became a worshipper of Warmaster Okawaru
  6452 | D:7      | Reached skill level 10 in Fighting
  7064 | D:8      | Reached * piety under Okawaru
  7417 | D:8      | Paralysed by a gnoll for 4 turns
  7802 | D:8      | Reached XP level 10. HP: 62/94 MP: 3/9
  8339 | D:9      | Reached skill level 11 in Fighting
  8339 | D:9      | Reached skill level 1 in Invocations
  8339 | D:9      | HP: 4/95 [steam dragon] (7)]
  8339 | D:9      | HP: 1/95 [steam dragon (4)]
  8701 | D:9      | Noticed a two-headed ogre
  8716 | D:9      | Killed a two-headed ogre
  8716 | D:9      | Reached ** piety under Okawaru
  9550 | D:10     | Entered Level 10 of the Dungeon
  9584 | D:10     | Reached *** piety under Okawaru
 10125 | D:10     | Noticed a two-headed ogre
 10147 | D:10     | a two-headed ogre changed into a glowing shapeshifter
 10147 | D:10     | Noticed a glowing shapeshifter
 10148 | D:10     | a glowing shapeshifter changed into a shock serpent
 10148 | D:10     | Noticed a shock serpent (glowing shapeshifter)
 10149 | D:10     | a shock serpent changed into a glowing shapeshifter
 10149 | D:10     | Noticed a glowing shapeshifter (glowing shapeshifter)
 10149 | D:10     | a glowing shapeshifter changed into a redback
 10156 | D:10     | Reached skill level 12 in Fighting
 10708 | D:10     | Identified the +6 hand axe "Zion" {freeze, rN+ Str-5 Dex+3}
 10727 | D:10     | Found a staircase to the Lair.
 10964 | D:10     | Found Abruif's Antique Armour Shop.
 10968 | D:10     | Bought a runed chain mail for 180 gold pieces
 11291 | D:10     | Noticed a cyclops
 11301 | D:10     | Killed a cyclops
 11301 | D:10     | Reached **** piety under Okawaru
 11302 | D:10     | Reached XP level 11. HP: 79/104 MP: 12/12
 11425 | D:11     | Noticed a deep elf zephyrmancer
 11895 | D:11     | Found a staircase to the Orcish Mines.
 11935 | D:11     | Noticed a deep elf pyromancer
 11996 | D:11     | Killed a deep elf pyromancer
 12171 | D:11     | Noticed Snorg
 12349 | Lair:1   | Entered Level 1 of the Lair of Beasts
 12614 | D:10     | Reached ***** piety under Okawaru
 13163 | Lair:1   | Noticed night's ghost (journeyman DrSh)
 13164 | Lair:1   | Found a large runed translucent door.
 13164 | Lair:1   | Found a large runed translucent door.
 13203 | Lair:1   | Received a gift from Okawaru
 13507 | Lair:1   | Reached skill level 13 in Fighting
 13672 | Lair:1   | Noticed Sonja
 14359 | Lair:1   | Reached skill level 10 in Armour
 14648 | Lair:2   | Found a hole to the Spider Nest.
 14693 | Lair:1   | Sonja changed into Sonja the black bear
 14693 | Lair:1   | Noticed Sonja
 14698 | Lair:1   | Killed Sonja the black bear
 14905 | Lair:1   | Reached XP level 12. HP: 76/115 MP: 14/14
 15172 | Lair:2   | Received a gift from Okawaru
 15173 | Lair:2   | Reached skill level 5 in Invocations
 15745 | Lair:3   | Reached skill level 10 in Shields
 16023 | Lair:3   | Reached skill level 10 in Axes
 16150 | Lair:3   | Noticed a seven-headed hydra
 16181 | Lair:3   | Killed a seven-headed hydra
 16282 | Lair:3   | HP: 3/116 [wolf spider (10)]
 16283 | Lair:3   | Succumbed to a wolf spider's poison

Illustrated notes

Levels and vault maps discovered:
D:1:      wander_arrival_chamber, layout_loops_corners,
          kennysheep_decorative_pillar
D:2:      layout_basic, hangedman_decor_clover_reticule
D:3:      layout_loops_cross, nicolae_dithmenos_shadow_blocks,
          mainiacjoe_overflow_brackets, chequers_ecumenical_altar_simple_redux,
          uniq_crazy_yiuf_cottage
D:4:      layout_cave_pools, lemuel_crystal_altar, general_overflow_altar,
          uniq_natasha
D:5:      gammafunk_steamed_eel, layout_loops_ring
D:6:      minmay_klotski, layout_loops_ring, serial_shops,
          nicolae_shop_pleasant_corner_grove, cheibrodos_sewer_entry_drain,
          lemuel_flame_loot_1
D:7:      layout_rooms, serial_demonic, serial_demonic_b, serial_demonic_b,
          serial_demonic_c, serial_demonic_b
D:8:      layout_basic, hex_large, serial_park_tiny_2
D:9:      layout_cave_pods
D:10:     layout_irregular_city, lair_entry_dummy, serial_shops,
          nicolae_shop_back_alley_shop, lightli_minifort
D:11:     layout_stronghold, hiddenorc1_lemuel, gauntlet_entry_generic,
          elves_outpost_lemuel, uniq_snorg
Temple:   hc_temple_tempest_star
Lair:1:   layout_roguey, ebering_ghost_disaster_area, beast_lair_carwin_2,
          lemuel_fruit_fields, grunt_megastairs_4, uniq_sonja
Lair:2:   layout_hall_layers, spider_nest_entry_web_field, enter_volcano_3,
          ice2_lemuel, lemuel_fruit_tree, infiniplex_staircase_pool
Lair:3:   nzn_winding_woodlands_stair_trap [nzn_winding_woodlands_5x15_eye,
          nzn_winding_woodlands_5x15_default,
          nzn_winding_woodlands_5x15_split_checker,
          nzn_winding_woodlands_15x15_eel_pit,
          nzn_winding_woodlands_5x15_garden, nzn_winding_woodlands_5x15_jagged,
          nzn_winding_woodlands_5x15_cabin], layout_chaotic_city,
          minmay_swamp_entry_reptiles

Skill      XL: |  1  2  3  4  5  6  7  8  9 10 11 12 |
---------------+-------------------------------------+-----
Fighting       | 4 5 6 7 9 10 12 13 | 13.9
Dodging        | 1 2 3 5 6 7 8 |  8.6
Shields        | 4 5 6 7 8 9 10 | 10.2
Armour         | 4 5 6 7 9 10 | 10.4
Axes           | 3 4 5 6 7 8 9 10 | 10.0
Invocations    | 3 4 5 |  5.3

Action                     |  1- 3 |  4- 6 |  7- 9 | 10-12 || total
---------------------------+-------+-------+-------+-------++-------
  Melee: War axe           |    73 |    85 |   323 |   109 ||   590
         Headbutt          |     7 |    13 |    58 |   114 ||   192
         Hand axe          |       |       |       |   331 ||   331
         Whip              |       |       |       |    15 ||    15
  Throw: Throwing net      |       |       |       |     2 ||     2
         Dart              |       |       |       |     1 ||     1
         Javelin           |       |       |       |     1 ||     1
 Invoke: Heroism           |       |       |     1 |     1 ||     2
  Evoke: Wand              |       |       |       |    17 ||    17
    Use: Scroll            |       |       |    11 |    12 ||    23
         Potion            |       |       |       |     3 ||     3
 Armour: Scale mail        |    47 |    72 |   332 |   123 ||   574
         Chain mail        |       |       |       |   290 ||   290
  Dodge: Dodged            |    41 |    51 |   224 |   237 ||   553
  Block: Buckler           |    18 |    16 |   109 |   237 ||   380
         Other             |       |       |       |     4 ||     4
         Reflection        |       |       |       |     8 ||     8

Table legend: (Time is in decaauts)
 A = Elapsed time spent in this place.
 B = Non-inter-level travel time spent in this place.
 C = Inter-level travel time spent in this place.
 D = Time resting spent in this place.
 E = Time spent auto-exploring this place.
 F = Levels seen in this place.
 G = Mean time per level.
                   A        B        C        D        E       F      G
               +--------+--------+--------+--------+--------+-----+--------+
         Total |  16508 |  15962 |    546 |   3917 |   8978 |  16 | 1031.8 |
       Dungeon |  12368 |  11858 |    510 |   2217 |   7735 |  11 | 1124.4 |
        Temple |    137 |    137 |      0 |     98 |      0 |   1 |  137.0 |
          Lair |   3357 |   3321 |     36 |   1427 |    954 |   3 | 1119.0 |
         Sewer |    645 |    645 |      0 |    175 |    288 |   1 |  645.0 |
               +--------+--------+--------+--------+--------+-----+--------+

Top non-repeatable levels by time:
    D:10: 2693 daAuts
  Lair:1: 2013 daAuts
     D:8: 1509 daAuts
     D:9: 1396 daAuts
     D:6: 1123 daAuts
     D:5: 1104 daAuts
     D:4: 917 daAuts
     D:1: 858 daAuts
     D:3: 826 daAuts
  Lair:2: 792 daAuts
    D:11: 690 daAuts
     D:7: 666 daAuts
   Sewer: 645 daAuts
     D:2: 583 daAuts
  Lair:3: 550 daAuts
